 Dungeon Sprint DCSS version 0.15-a0-2305-gac22422 (webtiles) character file.

22 runewalsh the Sneak (level 2, -1/17 HPs)
             Began as an Octopode Wizard on July 29, 2014.
             Slain by a wolf (5 damage)
             ... in the Dungeon (Sprint III: "The Ten Rune Challenge").
             The game lasted 00:01:16 (363 turns).

runewalsh the Sneak (Octopode Wizard)                Turns: 363, Time: 00:01:16

HP  -1/17        AC  1     Str 11      XL: 2   Next: 91%
MP   2/7         EV 12     Int 20      God:
Gold 0           SH  0     Dex 10      Spells:  3 memorised,  4 levels left

rFire  . . .     SeeInvis .     (no weapon)
rCold  . . .     Clarity  .     (no shield)
rNeg   . . .     rCorr    .     b - +0 hat
rPois  .         rRot     .     (no amulet)
rElec  .         Spirit   .     (no ring)
SustAb .         Warding  .     (no ring)
rMut   .         NoTele   +     (no ring)
Gourm  .                        (no ring)
MR     .....                    (no ring)
                                (no ring)
                                (no ring)
                                (no ring)

@: mighty, very slightly contaminated, invisible, not resistant to hostile
enchantments, stealthy
A: almost no armour, amphibious, 8 rings, constrict 8, camouflage 1, gelatinous
body 1
a: no special abilities


You were in the Dungeon.
You were not hungry.

You visited 1 branch

Inventory:

Armour
 b - a +0 hat (worn)
Comestibles
 d - a bread ration
Scrolls
 j - a scroll of blinking
Potions
 e - a potion of curing
 f - a potion of heal wounds
 g - a potion of haste
 h - 2 potions of magic
Books
 c - a book of Minor Magic

   Spells                             Type                      Level
   *Magic Dart                        Conjuration                  1
   *Blink                             Translocation                2
   *Call Imp                          Summoning                    2
   Repel Missiles                     Charms/Air                   2
   Slow                               Hexes                        2
   Conjure Flame                      Conjuration/Fire             3
   Mephitic Cloud                     Conjuration/Poison/Air       3


   Skills:
 - Level 2.0 Dodging
 * Level 7.0 Stealth
 + Level 4.1 Spellcasting
 - Level 1.0 Conjurations
 - Level 1.0 Summonings
 - Level 1.0 Translocations


You had 4 spell levels left.
You knew the following spells:

 Your Spells              Type           Power        Failure   Level  Hunger
a - Magic Dart            Conj           #...         10%         1    None
b - Call Imp              Summ           #.......     14%         2    #......
c - Blink                 Tloc           N/A          14%         2    #......


Dungeon Overview and Level Annotations

Branches:
Dungeon (1/1)

Altars:


Innate Abilities, Weirdness & Mutations

You cannot wear most types of armour.
You are amphibious.
You can wear up to eight rings at the same time.
You can use your tentacles to constrict many enemies at once.
Your skin changes colour to match your surroundings (Stealth).
Your rubbery body absorbs attacks (AC +1).


Message History

The wolf misses you.
Your crimson imp misses the wolf.
You miss the wolf. Your grab misses the wolf.
The wolf is lightly wounded.
The wolf bites you. The wolf misses you.
Your crimson imp barely misses the wolf.
You closely miss the wolf. Your grab misses the wolf.
The wolf is lightly wounded.
The wolf barely misses you.
Your crimson imp misses the wolf.
The wolf bites you.
You closely miss the wolf. Your grab misses the wolf.
The wolf is lightly wounded.
The wolf bites you!
Ouch! That really hurt!
* * * LOW HITPOINT WARNING * * *
Your crimson imp completely misses the wolf.
The wolf closely misses you.
You miss the wolf. Your grab misses the wolf.
The wolf is lightly wounded.
The wolf bites you.
You die...

▓.....#....≈
▓%....#...≈≈♣
▓.....#..≈≈≈≈♣
▓####%#..≈≈≈≈≈≈
▓.....#.≈≈≈≈≈≈..
▓.....#.≈≈≈≈≈...
▓.....#.≈≈≈.....
▓+#####h5........
▓.......@........
▓▓▓▓▓▓▓▓▓▓▓▓▓▓▓▓▓


You could see a wolf and a friendly crimson imp.

Vanquished Creatures
  A human (D)
  An ooze (D)
  3 rats (D)
5 creatures vanquished.

Vanquished Creatures (others)
  A draconian scorcher (D)
  2 crimson imps (D)
3 creatures vanquished.

Grand Total: 8 creatures vanquished

Notes
Turn   | Place    | Note
--------------------------------------------------------------
     0 | D        | runewalsh, the Octopode Wizard, began the quest for the Orb.
     0 | D        | Reached XP level 1. HP: 11/11 MP: 4/4
    49 | D        | Reached skill level 4 in Stealth
    93 | D        | Reached skill level 7 in Stealth
    93 | D        | Reached XP level 2. HP: 4/17 MP: 5/7
    94 | D        | Noticed a wolf
   128 | D        | Learned a level 2 spell: Call Imp
   131 | D        | Learned a level 2 spell: Blink
   176 | D        | Killed a white draconian scorcher
   363 | D        | Slain by a wolf

Action                   || total
-------------------------++-------
Melee: Unarmed           ||    14
 Cast: Magic Dart        ||     3
       Call Imp          ||     3
  Use: Potion            ||     3
 Stab: Sleeping          ||     2
